 Dungeon Sprint DCSS version 0.24-b1-30-g840c9efd86 (webtiles) character file.

Game seed: 1584077894784285294, levelgen mode: deterministic

8 night the Magician (level 2, -3/19 HPs)
             Began as a Mummy Summoner on Oct 25, 2019.
             Slain by a human (5 damage)
             ... in the Dungeon (Sprint III: "The Ten Rune Challenge").
             The game lasted 00:01:24 (258 turns).

night the Magician (Mummy Summoner)                  Turns: 258, Time: 00:01:25

Health: -3/19      AC:  2    Str: 11    XL:     2   Next: 0%
Magic:  1/7        EV: 12    Int: 14    God:
Gold:   0          SH:  0    Dex: 12    Spells: 6/9 levels left

rFire    x . .     SeeInvis .   (no weapon)
rCold    + . .     Gourm    .   (no shield)
rNeg     + + +     Faith    .   a - +0 robe
rPois    ∞         Spirit   .   (no helmet)
rElec    .         Reflect  .   (no cloak)
rCorr    .         Harm     .   (no gloves)
MR       .....     NoTele   +   (no boots)
Stlth    ++........             (no amulet)
HPRegen  0.06/turn              (no ring)
MPRegen  0.10/turn              (no ring)

@: no status effects
A: no food or potions, fire vulnerability, cold resistance 1, negative energy
resistance 3, torment resistance, unbreathing
a: no special abilities


You were in the Dungeon.
You were not hungry.

You visited 1 branch

Inventory:

Armour
 a - a +0 robe (worn)
Scrolls
 c - a scroll of blinking


   Skills:
 - Level 1.5 Dodging
 - Level 1.5 Stealth
 + Level 4.3 Spellcasting
 + Level 4.0 Summonings


You had 6 spell levels left.
You knew the following spells:

 Your Spells              Type           Power        Failure   Level  Hunger
a - Summon Small Mammal   Summ           ##..         3%          1    N/A
b - Call Imp              Summ           ##......     5%          2    N/A

Your spell library contained the following spells:

 Spells                   Type           Power        Failure   Level  Hunger
 Call Canine Familiar     Summ           ##......     11%         3    N/A
 Summon Guardian Golem    Hex/Summ       #.......     24%         3    N/A
 Summon Ice Beast         Ice/Summ       #.......     63%         4    N/A
 Summon Lightning Spire   Summ/Air       #.......     63%         4    N/A

Dungeon Overview and Level Annotations

Branches:
Dungeon (1/1)

Altars:


Innate Abilities, Weirdness & Mutations

You do not eat or drink.
Your flesh is vulnerable to fire.
You are immune to poison.
Your flesh is cold resistant. (rC+)
You are immune to negative energy. (rN+++)
You are immune to unholy pain and torment.
You can survive without breathing.


Message History

You see here a leather armour.
You swap places.
Your bat hits the human but does no damage.
Your bat misses the human. The human misses you.
Your rat closely misses the human.
Your crimson imp blinks!
There is an open door here.
Your bat disappears in a puff of smoke!
Your rat barely misses the human.
You barely miss the human.
The human is heavily wounded.
The human hits you.
* * * LOW HITPOINT WARNING * * *
Your rat completely misses the human.
The human barely misses you.
Your rat bites the human.
There is an open door here.
Casting: Summon Small Mammal (safe; 3% risk of failure)
Confirm with . or Enter, or press ? or * to list all spells.
The human hits you.
You die...

▓.....#
▓.....#...≈≈♣♣.♣
▓..§.[#..≈≈≈≈♣.♣
▓####5#..≈≈≈≈≈≈.
▓(....#.≈≈≈≈≈≈..
▓..r..#.≈≈≈≈≈...
▓.....#.≈≈≈§....
▓r#####.........
▓.p@.b..........
▓▓▓▓▓▓▓▓▓▓▓▓▓▓▓▓


You could see a human, a friendly bat and a friendly rat.

Vanquished Creatures
  An ooze (D)
  2 rats (D)
3 creatures vanquished.

Vanquished Creatures (collateral kills)
  An ooze (D)
1 creature vanquished.

Vanquished Creatures (others)
  2 draconian scorchers (D)
  5 hellions (D)
  A yaktaur (D)
  A plant (D)
9 creatures vanquished.

Grand Total: 13 creatures vanquished

Notes
Turn   | Place    | Note
-------+----------+-------------------------------------------
     0 | D        | night the Mummy Summoner began the quest for the Orb.
     0 | D        | Reached XP level 1. HP: 13/13 MP: 4/4
   122 | D        | Killed a yaktaur
   125 | D        | Killed a hellion
   164 | D        | Reached XP level 2. HP: 19/19 MP: 4/7
   174 | D        | Killed a hellion
   175 | D        | Killed a hellion
   188 | D        | Learned a level 2 spell: Call Imp
   211 | D        | Killed a white draconian scorcher
   213 | D        | Killed a hellion
   237 | D        | Killed a white draconian scorcher
   252 | D        | Killed a hellion
   258 | D        | Slain by a human

Skill      XL: |  1 |
---------------+----+-----
Spellcasting   | 4 |  4.3
Summonings     | 4 |  4.0
Dodging        | |  1.5
Stealth        | |  1.5

Action                   || total
-------------------------++-------
Melee: Unarmed           ||    13
 Cast: Summon Small Mamm ||    12
       Call Imp          ||     3
 Stab: Sleeping          ||     1
Armor: Robe              ||     2
Dodge: Dodged            ||    11
